 Dungeon Crawl Stone Soup version 0.30-a0-219-gf2db51d15e (webtiles) character file.

Game seed: 9674095569439515797

346 Decritt the Sneak (level 6, -8/30 HPs)
             Began as a Spriggan Enchanter on Oct 7, 2022.
             Mangled by a gnoll
             ... wielding a +0 halberd
             ... led by a gnoll bouda
              (10 damage)
             ... on level 5 of the Dungeon.
             The game lasted 00:09:02 (4015 turns).

Decritt the Sneak (Spriggan Enchanter)              Turns: 4015, Time: 00:09:02

Health: -8/30      AC:  2    Str:  4    XL:     6   Next: 32%
Magic:  13/13      EV: 19    Int: 16    God:
Gold:   83         SH:  5    Dex: 18    Spells: 5/13 levels left

rFire   . . .      SeeInvis +    i - +0 dagger (freeze)
rCold   . . .      Faith    .    (no shield)
rNeg    . . .      Spirit   .    b - +0 robe
rPois   .          Reflect  +    (helmet restricted)
rElec   .          Harm     .    (no cloak)
rCorr   .          Rampage  .    (gloves unavailable)
Will    +....                    (boots unavailable)
Stlth   +++.......               j - amulet of reflection
HPRegen 0.25/turn                (no ring)
MPRegen 0.13/turn                (no ring)

@: weakened, very quick
A: very small, no large weapons, unfitting armour, see invisible, speed 3
a: no special abilities


You were on level 5 of the Dungeon.
You visited 1 branch of the dungeon, and saw 6 of its levels.

You collected 180 gold pieces.
You spent 97 gold pieces at shops.

Inventory:

Hand Weapons
 a - a +1 dagger
 i - a +0 dagger of freezing (weapon)
Armour
 b - a +0 robe (worn)
Jewellery
 j - an amulet of reflection (around neck)
Wands
 m - a wand of polymorph (9)
Scrolls
 g - 3 scrolls of amnesia
 l - a scroll of fear {unknown}
 o - 2 scrolls of blinking
 q - a scroll of noise
Potions
 c - 2 potions of invisibility
 d - a potion of berserk rage {unknown}
 e - a potion of degeneration
 f - 6 potions of mutation
 h - a potion of heal wounds
 k - a potion of flight {unknown}
 n - a potion of resistance {unknown}
 p - a potion of curing
 r - a potion of haste {unknown}
 s - a potion of might {unknown}


   Skills:
 + Level 1.9 Fighting
 + Level 3.0 Short Blades
 + Level 4.3 Dodging
 + Level 5.9 Stealth
 + Level 4.1 Spellcasting
 + Level 4.7 Hexes


You had 5 spell levels left.
You knew the following spells:

 Your Spells              Type           Power      Damage    Failure   Level
a - Confusing Touch       Hex            18%        N/A       7%          3
b - Tukima's Dance        Hex            18%        N/A       7%          3
c - Ensorcelled Hibernat  Hex/Ice        20%        N/A       10%         2

Your spell library contained the following spells:

 Spells                   Type           Power      Damage    Failure   Level
 Dazzling Flash           Conj/Hex       20%        N/A       19%         3


Dungeon Overview and Level Annotations

Branches:
Dungeon (6/15)
 Temple: D:4-7

Altars:
Qazlal

Shops:
D:3 ?

Annotations:
D:5 Dowan, Duvessa


Innate Abilities, Weirdness & Mutations

You are very small and have problems with some larger weapons.
You are too small for most types of armour.
You have supernaturally acute eyesight. (SInv)
You cover ground extremely quickly. (Speed+++)


Message History

A gnoll comes into view. It is wielding a +0 flail.
The gnoll shouts! x2
A gnoll comes into view. It is wielding a +0 flail.
A gnoll comes into view. It is wielding a +0 halberd.
The gnoll shouts!
You hear a shout! x2
The gnoll shouts!
You hear an angry hiss.
The gnoll misses you.
An adder and a gnoll bouda come into view.
The gnoll hits you with a +0 flail!
The gnoll bouda barks out a call to the hunt!
The gnolls pick up the pace!
The gnoll misses you. The adder completely misses you.
You block the gnoll's attack. The adder bites you.
* * * LOW HITPOINT WARNING * * *
You are poisoned.
The adder poisons you!
Duvessa and Dowan come into view.
Duvessa is wielding a +0 short sword and wearing a +2 ring mail of cold resistance.
You feel sick.
The gnoll bouda barks out a call to the hunt!
The gnolls pick up the pace!
An orc comes into view. It is wielding a +0 trident.
An ufetubus and an iguana come into view.
You feel sick.
Okay, then.
You feel sick. The adder closely misses you.
The gnoll bouda gazes fiercely through you!
You feel your attacks grow feeble. The gnoll closely misses you.
The gnoll hits you with a +0 flail!
* * * LOW HITPOINT WARNING * * *
The adder misses you.
You feel sick.
You are no longer poisoned.
The gnoll completely misses you. You block the gnoll's attack.
The gnoll completely misses you.
The gnoll hits you from afar with a +0 halberd!
You die...

l.........#
#.......###
#.........#
#.........#
#.........#
#.........# ###
##...g.gS##
....#######..ggg##
.......#...S..@.#
#............#
###..........# ####
##....#.....##
...###..##.#.....#
..>....###.........
....#.##
##.........
........ ..........
......### #.....#.


You could see a gnoll bouda, 4 gnolls and 2 adders.

Vanquished Creatures
  2 black bears (D:4)
  2 orc wizards (D:3)
  4 gnolls (D:3)
  An adder (D:3)
  2 dart slugs
  5 orcs
  3 ball pythons
  2 bats
  4 endoplasms
  8 giant cockroaches
  5 goblins
  6 hobgoblins
  7 jackals
  6 kobolds
  3 quokkas (D:4)
  2 frilled lizards
  5 rats
67 creatures vanquished.

Notes
Turn   | Place    | Note
-------+----------+-------------------------------------------
     0 | D:1      | Decritt the Spriggan Enchanter began the quest for the Orb.
     0 | D:1      | Reached XP level 1. HP: 9/9 MP: 5/5
   335 | D:1      | Reached XP level 2. HP: 8/13 MP: 6/6
   798 | D:1      | Found a faded altar of an unknown god.
  1741 | D:2      | Reached XP level 3. HP: 17/17 MP: 8/8
  1841 | D:2      | Identified the +1 leather armour of Opeat {*Corrode rPois
                  | rC++ Int+4}
  2243 | D:3      | Found Egeh's Magic Scroll Boutique.
  2248 | D:3      | Bought a scroll of blinking for 97 gold pieces
  2406 | D:3      | Learned a level 3 spell: Confusing Touch
  2410 | D:3      | Learned a level 3 spell: Tukima's Dance
  2413 | D:3      | Learned a level 2 spell: Ensorcelled Hibernation
  2502 | D:3      | Reached skill level 1 in Fighting
  2502 | D:3      | Reached skill level 5 in Stealth
  2502 | D:3      | Reached XP level 4. HP: 18/22 MP: 5/9
  3154 | D:3      | Reached XP level 5. HP: 19/25 MP: 11/11
  3548 | D:4      | Found a stormy altar of Qazlal.
  3575 | D:4      | Noticed a water elemental
  3575 | D:4      | Noticed a fire elemental
  3575 | D:4      | Noticed an air elemental
  3589 | D:4      | Noticed a black bear
  3601 | D:4      | Killed a black bear
  3725 | D:4      | Noticed a black bear
  3737 | D:4      | Killed a black bear
  3738 | D:4      | Reached XP level 6. HP: 28/30 MP: 3/13
  3939 | D:4      | You fall into a shaft and drop 2 floors!
  3994 | D:5      | Entered Level 5 of the Dungeon
  4008 | D:5      | Noticed Duvessa
  4008 | D:5      | Noticed Dowan
  4015 | D:5      | Mangled by a gnoll

Illustrated notes

Levels and vault maps discovered:
D:1:      dpeg_arrival_windows_large_door, layout_loops_corners,
          basic_ecumenical_altar
D:2:      layout_basic, serial_aquarium, aquarium_bridge_square
          [aquarium_subvault_wall, aquarium_subvault_bridge,
          aquarium_subvault_bridge, aquarium_subvault_bridge],
          aquarium_window_2, aquarium_window_corner, aquarium_window_1,
          aquarium_window_fake, aquarium_view_2b, aquarium_pool_1
D:3:      minmay_roachtagon, layout_loops_corners, serial_shops, shop
D:4:      layout_rooms, nicolae_qazlal_style_of_elements, portal_sewer_entry_b,
          serial_rivers, chequers_serial_rivers_small_a,
          chequers_serial_rivers_micro_b, chequers_serial_rivers_large_b,
          chequers_serial_rivers_micro_c, chequers_serial_rivers_small_a,
          chequers_serial_rivers_marsh
D:5:      layout_rooms, nicolae_dithmenos_the_darkroom,
          mainiacjoe_overflow_chevrons, minitemple, temple_pool_b,
          gup_ossuary_entry_pyramid, solitary_fountain, kennysheep_minor_cross,
          minmay_misc_feat_rugged, uniq_duvessa
D:6:      layout_basic, kennysheep_pointless_box

Skill      XL: |  1  2  3  4  5 |
---------------+----------------+-----
Dodging        | 3 4 |  4.3
Spellcasting   | 3 4 |  4.1
Fighting       | 1 |  1.9
Short Blades   | 2 3 |  3.0
Stealth        | 5 |  5.9
Hexes          | 4 |  4.7

Action                   |  1- 3 |  4- 6 || total
-------------------------+-------+-------++-------
Melee: Dagger            |   157 |   175 ||   332
       Punch             |     2 |     1 ||     3
 Cast: Ensorcelled Hiber |     2 |    13 ||    15
       Confusing Touch   |     1 |       ||     1
  Use: Scroll            |       |     8 ||     8
 Stab: Sleeping          |    11 |     8 ||    19
       Distracted        |       |     1 ||     1
Armor: Robe              |    16 |    11 ||    27
Dodge: Dodged            |   106 |   113 ||   219
Block: Other             |     7 |    35 ||    42
       Reflection        |     1 |     1 ||     2

Table legend: (Time is in decaauts)
 A = Elapsed time spent in this place.
 B = Non-inter-level travel time spent in this place.
 C = Inter-level travel time spent in this place.
 D = Time resting spent in this place.
 E = Time spent auto-exploring this place.
 F = Levels seen in this place.
 G = Mean time per level.
                   A        B        C        D        E       F      G
               +--------+--------+--------+--------+--------+-----+--------+
         Total |   2819 |   2766 |     53 |    278 |   1686 |   6 |  469.8 |
       Dungeon |   2819 |   2766 |     53 |    278 |   1686 |   6 |  469.8 |
               +--------+--------+--------+--------+--------+-----+--------+

Top non-repeatable levels by time:
     D:3: 1081 daAuts
     D:1: 769 daAuts
     D:2: 601 daAuts
     D:4: 320 daAuts
     D:6: 33 daAuts
     D:5: 12 daAuts
